Map: Świat Śniących ER

Players

kers

  • Race: Protoss Protoss
  • League: Platinum
  • Spawn Location: 1:00

piotrowy - Winner!

  • Race: Protoss Protoss
  • League: Diamond
  • Spawn Location: 7:00

VOD

Have the link to the VOD?

Description

Time

  • Played on: March 3, 2020, 3:08 p.m.
  • Length: 5:39
Show
View Real Time Build Order
Export as new Build Order

kers Protoss 

Build Orders: 1 Gate Expand 

Get SALT Encoding   

  12  0:00  Probe  
  13  0:12  Probe  
  14  0:17  Pylon  
  14  0:25  Probe  
  15  0:37  Probe (Chrono Boost)  
  15  0:40  Gateway  
  16  0:49  Probe (Chrono Boost)  
  17  0:50  Assimilator  
  17  0:55  Probe (Chrono Boost)  
  18  1:03  Probe  
  19  1:15  Probe  
  20  1:27  Probe  
  21  1:36  Nexus  
  21  1:41  Pylon  
  21  1:44  Probe  
  22  1:56  Cybernetics Core  
  22  1:58  Probe  
  23  2:07  Assimilator  
  23  2:10  Probe  
  23  2:14  Zealot (Chrono Boost)  
  26  2:22  Probe  
  27  2:34  Warp Gate (Chrono Boost)  
  27  2:35  Probe  
  28  2:41  Stalker  
  30  2:51  Probe  
  31  3:03  Probe  
  32  3:06  Robotics Facility  
  32  3:08  Gateway  
  32  3:09  Gateway  
  32  3:14  Pylon  
  28  3:30  Stalker  
  27  3:39  Probe  
  27  3:43  Probe  
  28  3:51  Probe  
  28  3:53  Gateway  
  28  3:55  Probe  
  30  3:56  Forge, Observer  
  31  4:03  Probe  
  31  4:07  Probe  
  33  4:15  Probe  
  34  4:17  Assimilator  
  34  4:19  Probe, Assimilator  
  35  4:28  Probe (Chrono Boost), Immortal  
  40  4:32  Probe (Chrono Boost)  
  40  4:33  Sentry  
  43  4:40  Probe (Chrono Boost), Sentry  
  43  4:44  Probe (Chrono Boost)  
  47  4:47  Probe (Chrono Boost)  
  47  4:48  Probe (Chrono Boost)  
  49  4:56  Probe (Chrono Boost)  
  49  4:58  Probe (Chrono Boost)  
  49  4:59  Twilight Council  
  52  5:09  Probe (Chrono Boost)  
  52  5:11  Probe (Chrono Boost)  
  53  5:14  Probe (Chrono Boost)  
  54  5:21  Pylon  
  54  5:22  Pylon  
  54  5:24  Probe, Pylon  
  54  5:25  Probe  
  50  5:29  Stalker  
  50  5:35  Zealot x2  
Show
View Real Time Build Order
Export as new Build Order

piotrowy Protoss - Winner!

Build Orders: Mass Adepts 

Get SALT Encoding   

  12  0:01  Probe  
  13  0:13  Probe  
  14  0:18  Pylon  
  14  0:25  Probe (Chrono Boost)  
  15  0:37  Probe (Chrono Boost)  
  15  0:40  Gateway  
  16  0:45  Probe (Chrono Boost)  
  16  0:48  Assimilator  
  17  0:53  Probe  
  17  0:56  Assimilator  
  18  1:06  Probe  
  19  1:15  Gateway  
  19  1:19  Probe  
  20  1:28  Cybernetics Core  
  20  1:31  Probe  
  21  1:36  Pylon  
  21  1:43  Probe  
  22  1:55  Probe  
  23  2:04  Adept x2  
  23  2:05  Warp Gate  
  27  2:11  Twilight Council  
  27  2:38  Pylon  
  27  2:40  Adept x2  
  31  2:47  Resonating Glaives  
  31  3:04  Gateway, Robotics Facility  
  29  3:48  Pylon, Immortal (Chrono Boost)  
  33  3:58  Adept x2  
  33  4:00  Adept  
  39  4:17  Warp Prism (Chrono Boost)  
  39  4:22  Adept x3  
  47  4:30  Pylon  
  47  4:50  Pylon  
  47  5:12  Adept  
  47  5:13  Adept x2  
Tags
 
Add a new tag
Caveats
  • Supply blocks, unpowered buildings, or Contaminate may cause inaccurate times.
  • Supply counts are checked every 10 seconds.